 Dungeon Crawl Stone Soup version 0.21.1-1-g345015f (webtiles) character file.

706 LLlMATKO the Skirmisher (level 7, -13/64 HPs)
             Began as a Minotaur Berserker on May 12, 2018.
             Was a Priest of Trog.
             Mangled by a yak (15 damage)
             ... on level 4 of the Dungeon.
             The game lasted 00:06:31 (3416 turns).

LLlMATKO the Skirmisher (Minotaur Berserker)        Turns: 3416, Time: 00:06:32

Health: -13/64     AC:  7    Str: 22    XL:     7   Next: 39%
Magic:  6/6        EV: 11    Int:  4    God:    Trog [***...]
Gold:   263        SH:  0    Dex: 13    Spells: 6/6 levels left

rFire    . . .     SeeInvis .   l - +0 battleaxe
rCold    . . .     Gourm    .   (shield currently unavailable)
rNeg     . . .     Faith    .   h - +1 ring mail
rPois    .         Spirit   .   (helmet restricted)
rElec    .         Reflect  .   (no cloak)
rCorr    .         Harm     .   (no gloves)
MR       .....                  (no boots)
Stlth    +.........             (no amulet)
HPRegen  0.20/turn              k - +2 ring of dexterity
MPRegen  0.10/turn              (no ring)

@: no status effects
A: retaliatory headbutt, horns 2
a: Berserk, Trog's Hand, Burn Spellbooks, Renounce Religion


You were on level 4 of the Dungeon.
You worshipped Trog.
Trog was most pleased with you.
You were hungry.

You visited 2 branches of the dungeon, and saw 6 of its levels.

You collected 263 gold pieces.

Inventory:

Hand Weapons
 l - a +0 battleaxe (weapon)
Armour
 h - a +1 ring mail (worn)
Jewellery
 e - an uncursed ring of protection from fire {unknown}
 k - a +2 ring of dexterity (left hand)
Wands
 f - a wand of flame (15)
Scrolls
 b - 2 scrolls of identify
Potions
 a - a potion of heal wounds {unknown}
 d - a potion of magic {unknown}
 g - 3 potions of agility
 i - a potion of resistance {unknown}
 j - a potion of lignification {unknown}
 o - 2 potions of curing {unknown}
 p - a potion of degeneration {unknown}
 r - a potion of haste {unknown}
Comestibles
 c - 5 rations


   Skills:
 + Level 6.7 Fighting
 + Level 6.7 Axes
 + Level 6.0 Armour
 - Level 2.1 Dodging


You had 6 spell levels left.
You didn't know any spells.

Dungeon Overview and Level Annotations

Branches:
Dungeon (5/15)             Temple (1/1) D:4

Altars:
Ashenzari
Elyvilon
Fedhas
Gozag
Hepliaklqana
Kikubaaqudgha
Makhleb
Nemelex Xobeh
Okawaru
Qazlal
Ru
Sif Muna
Uskayaw
Vehumet
Xom
Yredelemnul
Zin

Annotations:
D:3 1 runed door


Innate Abilities, Weirdness & Mutations

You reflexively headbutt those who attack you in melee.
You have a pair of horns on your head.


Message History

You are too injured to fight recklessly!
You are too injured to fight recklessly!
You barely miss the yak.
The yak is heavily wounded.
The yak gores you!
* * * LOW HITPOINT WARNING * * *
You hit the yak.
The yak is heavily wounded.
The yak gores you.
* * * LOW HITPOINT WARNING * * *
The yak gores you.
* * * LOW HITPOINT WARNING * * *
You slash the yak!
The yak is severely wounded.
The yak gores you!
* * * LOW HITPOINT WARNING * * *
You slash the yak!
The yak is almost dead.
The yak gores you!
You die...

.....#######..............# #.#
.....# #.#(.##.####...# #.#
.....# #.#..#.....#...# #.#
.<.(.# #.#....>...#...#####.#
.....# #.#.##................
.....# #.#.##.........#####.#
#.#### #..............#.....#
#.############.#####.......)#####
#.##...........Y@...........#
#.##.##############....[....#
#.##.# #.....####.......#.#
.....# #.###...........##.#
##########.# ######..##.###.#
...........# #..######.#
#...###############.........#
(....................########
#...##################


You could see a yak.

Vanquished Creatures
  A sky beast (D:5)
  An ogre (D:4)
  Blork the orc (D:5)
  2 howler monkeys
  An orc wizard (D:4)
  A gnoll shaman (D:3)
  An orc priest (D:4)
  3 worker ants
  5 gnolls
  6 adders
  A shadow imp (D:2)
  An adder skeleton (D:4)
  3 worms
  A dart slug (D:1)
  4 leopard geckos
  5 orcs
  3 giant cockroaches
  6 goblins
  10 hobgoblins
  9 jackals
  9 kobolds
  A quokka (D:2)
  3 ball pythons
  11 bats
  10 frilled lizards
  7 rats
106 creatures vanquished.

Notes
Turn   | Place    | Note
-------+----------+-------------------------------------------
     0 | D:1      | LLlMATKO the Minotaur Berserker began the quest for the Orb.
     0 | D:1      | Reached XP level 1. HP: 19/19 MP: 0/0
   244 | D:1      | Reached XP level 2. HP: 25/27 MP: 1/1
   625 | D:1      | Reached XP level 3. HP: 32/33 MP: 2/2
   798 | D:2      | Reached ** piety under Trog
  1052 | D:2      | Reached XP level 4. HP: 32/41 MP: 3/3
  1697 | D:3      | Reached skill level 5 in Fighting
  1697 | D:3      | Reached skill level 5 in Axes
  1697 | D:3      | Reached XP level 5. HP: 33/48 MP: 4/4
  1707 | D:3      | Reached *** piety under Trog
  1938 | D:3      | Found a blossoming altar of Fedhas.
  2129 | D:3      | Found a white marble altar of Elyvilon.
  2129 | D:3      | Noticed an angel
  2130 | D:3      | Found a runed door.
  2455 | D:4      | Found a staircase to the Ecumenical Temple.
  2460 | D:4      | Reached XP level 6. HP: 47/56 MP: 5/5
  2492 | D:4      | Reached skill level 5 in Armour
  2509 | Temple   | Entered the Ecumenical Temple
  2548 | D:4      | Found a sacrificial altar of Ru.
  2558 | D:4      | Received a gift from Trog
  2798 | D:4      | Found a shattered altar of Ashenzari.
  2800 | D:4      | Found a shimmering altar of Xom.
  2801 | D:4      | Found a burning altar of Makhleb.
  3340 | D:4      | Found a hazy altar of Hepliaklqana.
  3375 | D:5      | Entered Level 5 of the Dungeon
  3375 | D:5      | Noticed a sky beast
  3392 | D:5      | Killed a sky beast
  3392 | D:5      | Reached XP level 7. HP: 49/64 MP: 6/6
  3399 | D:5      | Noticed Blork the orc
  3399 | D:5      | Noticed a yak
  3403 | D:5      | Noticed a yak
  3403 | D:5      | Noticed a yak
  3404 | D:5      | Killed Blork the orc
  3415 | D:4      | HP: 2/64 [yak (9)]
  3416 | D:4      | Mangled by a yak

Skill      XL: |  1  2  3  4  5  6  7 |
---------------+----------------------+-----
Axes           | 4 5 6 |  6.7
Fighting       | 4 5 6 |  6.7
Armour         | 3 4 5 6 |  6.0
Dodging        | |  2.1

Action                   |  1- 3 |  4- 6 |  7- 9 || total
-------------------------+-------+-------+-------++-------
Melee: Hand axe          |    75 |    19 |       ||    94
       Headbutt          |    13 |    20 |     3 ||    36
       War axe           |       |    76 |       ||    76
       Battleaxe         |       |    12 |    15 ||    27
Invok: Berserk           |       |     2 |       ||     2
  Use: Scroll            |       |     8 |       ||     8
  Eat: Chunk             |       |     9 |       ||     9
Armor: Ring mail         |    21 |    39 |     1 ||    61
       Animal skin       |     3 |       |       ||     3
Dodge: Dodged            |    47 |    70 |     7 ||   124
